 Dungeon Crawl Stone Soup version 0.32-a0-391-gce5c0aab1b (webtiles) character file.

Game seed: 7219808789540515778

5 cforsyth the Slasher (level 1, 0/16 HPs)
             Began as a Coglin Gladiator on Feb 20, 2024.
             Slain by a goblin
             ... wielding a +0 club
              (4 damage)
             ... on level 1 of the Dungeon.
             The game lasted 00:00:18 (71 turns).

cforsyth the Slasher (Coglin Gladiator)               Turns: 71, Time: 00:00:18

Health: 0/16       AC:  4    Str: 14    XL:     1   Next: 80%
Magic:  1/1        EV: 12    Int:  7    God:
Gold:   0          SH:  0    Dex: 15    Spells: 0/0 levels left

rFire   . . .        a - +0 long sword {Latda}
rCold   . . .        (no shield)
rNeg    . . .        b - +0 leather armour
rPois   .            c - +0 helmet
rElec   .            (no cloak)
rCorr   .            (no gloves)
SInv    .            (no boots)
Will    .....        (no amulet)
Stlth   +            (no ring)
HPRegen 0.22/turn    (no ring)
MPRegen 0.07/turn

%: no passive effects
@: revved, stiff-legged, very slow
A: off-hand wielding, slow wielding, warmup strikes, warmup strides
a: no special abilities


You were on level 1 of the Dungeon.
You visited 1 branch of the dungeon, and saw 1 of its levels.


Innate Abilities, Weirdness & Mutations

You can wield a second weapon in your off-hand.
It takes a long time for you to wield or remove held weapons.
Your first few attacks do less damage.
Your first movements take longer.


   Skills:
 + Level 2.1 Fighting
 + Level 3.1 Long Blades
 - Level 1.7 Throwing
 + Level 2.8 Dodging


You couldn't memorise any spells.
You didn't know any spells.
Your spell library was empty.

Inventory:

Hand Weapons
 a - a +0 long sword (weapon) {Latda}
Missiles
 d - 3 throwing nets (quivered) {=f}
 e - a javelin
Armour
 b - a +0 leather armour (worn)
 c - a +0 helmet (worn)

Dungeon Overview and Level Annotations

Branches:
Dungeon (1/15)

Altars:

##......... ..
##........$. #.
#......... #. #.......
#. #####....# #.
##..###lbS# ~ #.
##....###.g# ..~
#.##......##.#####.....
#...........Sgr@gK..~..
##†####......###rg.....
#)####.........K......
###..............#....##
....############.###..#
##### .# ..# # .# #


You could see a quokka, a hobgoblin, 2 goblins, a ball python, 2 kobolds and a
rat.


Message History

The hobgoblin is heavily wounded.
A goblin comes into view. It is wielding a +0 dagger.
The hobgoblin hits you.
You barely miss the hobgoblin.
The hobgoblin is heavily wounded.
The hobgoblin barely misses you. The goblin hits you with a +0 club.
You closely miss the hobgoblin.
The hobgoblin is heavily wounded.
The quokka barely misses you. The hobgoblin hits you.
* * * LOW HITPOINT WARNING * * *
The quokka misses you. The goblin closely misses you. The hobgoblin hits you.
* * * LOW HITPOINT WARNING * * *
Unknown command.
You aren't carrying any scrolls.
You aren't carrying any potions.
You hit the hobgoblin but do no damage.
The hobgoblin is heavily wounded.
The quokka barely misses you. The goblin misses you. The hobgoblin hits you.
* * * LOW HITPOINT WARNING * * *
Unknown command.
You hit the hobgoblin.
You kill the hobgoblin!
The quokka barely misses you. The goblin closely misses you.
The quokka bites you but does no damage.
Unknown command.
You barely miss the rat. The goblin hits you with a +0 club.
* * * LOW HITPOINT WARNING * * *
The quokka barely misses you. The rat barely misses you.
The goblin hits you with a +0 club.
You die...

Action                     || total
---------------------------++-------
  Melee: Long sword        ||    15
 Armour: Leather armour    ||    21
  Dodge: Dodged            ||    17

Levels and vault maps discovered:
D:1:      kennysheep_arrival_forest, layout_loops_ring, serial_shops,
          nicolae_shop_statue_plus, skrybe_limestone_x, minivault_19

Notes
Turn   | Place    | Note
-------+----------+-------------------------------------------
     0 | D:1      | cforsyth the Coglin Gladiator began the quest for the Orb.
     0 | D:1      | Reached XP level 1. HP: 16/16 MP: 1/1
    71 | D:1      | Slain by a goblin

Vanquished Creatures
  A goblin (D:1)
  A hobgoblin (D:1)
  A rat (D:1)
3 creatures vanquished.

Table legend: (Time is in decaauts)
 A = Elapsed time spent in this place.
 B = Non-inter-level travel time spent in this place.
 C = Inter-level travel time spent in this place.
 D = Time resting spent in this place.
 E = Time spent auto-exploring this place.
 F = Levels seen in this place.
 G = Mean time per level.
                   A        B        C        D        E       F      G
               +--------+--------+--------+--------+--------+-----+--------+
         Total |     77 |     77 |      0 |      0 |     45 |   1 |   77.0 |
       Dungeon |     77 |     77 |      0 |      0 |     45 |   1 |   77.0 |
               +--------+--------+--------+--------+--------+-----+--------+

Top non-repeatable levels by time:
     D:1: 77 daAuts

Table legend:
 A = Non-vault XP
 B = Vault XP
 C = Vault XP percentage of total XP
 D = Non-vault monster count
 E = Vault monster count
 F = Vault count percentage of total count
                 A         B        C        D         E       F
            +---------+---------+-------+---------+---------+-------
      Total |       8 |       0 |   0.0 |       3 |       0 |   0.0
            +---------+---------+-------+---------+---------+-------
        D:1 |       8 |       0 |   0.0 |       3 |       0 |   0.0
            +---------+---------+-------+---------+---------+-------
